 Dungeon Crawl Stone Soup version 0.17.1-3-g152610e (webtiles) character file.

3173 Kokonut the Basher (level 9, -6/81 HPs)
             Began as a Minotaur Berserker on Mar 5, 2016.
             Was an Elder of Trog.
             Mangled by a water moccasin (7 damage)
             ... on level 1 of the Lair of Beasts.
             The game lasted 00:28:59 (8282 turns).

Kokonut the Basher (Minotaur Berserker)             Turns: 8282, Time: 00:28:59

Health: -6/81      AC:  4    Str: 22    XL:     9   Next: 63%
Magic:  8/8        EV: 12    Int:  4    God:    Trog [****..]
Gold:   549        SH:  0    Dex: 13    Spells: 0 memorised, 8 levels left

rFire  . . .     SeeInvis .     Q - +0 flail
rCold  . . .     Clarity  .     b - +0 animal skin
rNeg   . . .     SustAt   .     (no shield)
rPois  .         Gourm    .     (helmet restricted)
rElec  .         Spirit   .     (no cloak)
rCorr  .         Warding  .     r - +0 pair of gloves
rMut   .         Stasis   .     O - +0 pair of boots
MR     .....                    (no amulet)
Stlth  +.........               (no ring)
                                (no ring)

@: lethally poisoned (-6 -> -13), not resistant to hostile enchantments, very
unstealthy
A: retaliatory headbutt, horns 2
a: Berserk, Trog's Hand, Brothers in Arms, Burn Spellbooks, Renounce Religion


You were on level 1 of the Lair of Beasts.
You worshipped Trog.
Trog was greatly pleased with you.
You were not hungry.

You visited 3 branches of the dungeon, and saw 11 of its levels.
You also visited: Ossuary.

You collected 549 gold pieces.

Inventory:

Hand Weapons
 M - a +0 flail
 N - a +0 flail
 P - a +0 flail
 Q - a +0 flail (weapon)
Missiles
 a - 14 poisoned bolts
 h - 75 bolts
Armour
 b - a +0 animal skin (worn)
 r - a +0 pair of gloves (worn)
 O - a +0 pair of boots (worn)
 S - a +0 pair of boots
Jewellery
 k - an uncursed ring of protection from cold {unknown}
 n - an uncursed amulet of clarity {unknown}
 w - a cursed -3 ring of intelligence {unknown}
 y - an uncursed ring of sustain attributes {unknown}
 B - an uncursed ring of protection from cold {unknown}
 J - an uncursed ring of wizardry {unknown}
 U - an uncursed ring of wizardry {unknown}
Wands
 R - a wand of hasting (2)
 W - a wand of lightning (8)
Scrolls
 c - a scroll of enchant weapon {unknown}
 e - 2 scrolls of blinking {unknown}
 f - 4 scrolls of fog {unknown}
 g - 3 scrolls of immolation {unknown}
 i - 2 scrolls of remove curse {unknown}
 j - 2 scrolls of magic mapping {unknown}
 m - 8 scrolls of identify {unknown}
 o - a scroll of teleportation {unknown}
 t - 2 scrolls of random uselessness {unknown}
 D - 2 scrolls of enchant armour {unknown}
Potions
 l - 3 potions of flight {unknown}
 p - 2 potions of ambrosia {unknown}
 q - a potion of magic {unknown}
 s - a potion of berserk rage {unknown}
 v - a potion of agility {unknown}
 z - a potion of resistance
 A - a potion of cure mutation {unknown}
 C - 5 potions of heal wounds {unknown}
 F - 2 potions of haste {unknown}
 G - a potion of lignification {unknown}
 H - 2 potions of curing {unknown}
 I - 2 potions of cancellation {unknown}
 K - 2 potions of brilliance {unknown}
 T - a potion of degeneration {unknown}
Books
 d - a book of the Earth

   Spells                             Type                      Level
   a - Leda's Liquefaction            Hexes/Earth                  4
   b - Bolt of Magma                  Conjuration/Fire/Earth       5
   c - Statue Form                    Transmutation/Earth          6
   d - Iron Shot                      Conjuration/Earth            6
   e - Shatter                        Earth                        9
   Trog disapproves of the use of such an item.
 X - a book of Callings

   Spells                             Type                      Level
   a - Summon Small Mammal            Summoning                    1
   b - Call Imp                       Summoning                    2
   c - Call Canine Familiar           Summoning                    3
   d - Summon Guardian Golem          Hexes/Summoning              3
   e - Summon Lightning Spire         Summoning/Air                4
   f - Summon Ice Beast               Ice/Summoning                4
   Trog disapproves of the use of such an item.
Comestibles
 u - 2 bread rations
 x - a slice of pizza
 E - 9 fruits
 L - 4 beef jerkies
 V - 4 chunks of flesh


   Skills:
 + Level 8.1 Fighting
 + Level 10.8 Maces & Flails
 - Level 2.4 Armour
 * Level 9.7 Dodging


You had 8 spell levels left.
You didn't know any spells.

Dungeon Overview and Level Annotations

Branches:
Dungeon (9/15)             Temple (1/1) D:6            Lair (1/8) D:8
    Orc: D:9-12

Altars:
Gozag
Okawaru


Innate Abilities, Weirdness & Mutations

You reflexively headbutt those who attack you in melee.
You have a pair of horns on your head.


Message History

You barely miss the komodo dragon.
You headbutt the komodo dragon, but do no damage.
The komodo dragon is lightly wounded.
The water moccasin bites you. The komodo dragon bites you!
You hit the water moccasin.
The water moccasin is lightly wounded.
The water moccasin misses you. The komodo dragon bites you!
You barely miss the water moccasin.
The water moccasin is lightly wounded.
The water moccasin bites you.
You are poisoned.
The water moccasin poisons you! The komodo dragon bites you!!
* * * LOW HITPOINT WARNING * * *
The water moccasin barely misses you.
* * * LOW HITPOINT WARNING * * *
You feel sick. The water moccasin barely misses you.
There is a staircase back to the Dungeon here.
* * * LOW HITPOINT WARNING * * *
You feel sick. The water moccasin bites you!
You die...

### #######P####
#..........#
.+..........##
#............#
#......(...#
#......S...#
#.....@l...#8.
#..............
#..###...P###../
# ...#### +
..... P......
.....?. P......
#......


You could see a komodo dragon and a water moccasin.

Vanquished Creatures
  Joseph (D:7)
  An ice beast (D:5)
  3 ogres
  A crocodile (D:7)
  4 centaurs
  2 elf zombies (Ossuary)
  5 giant frogs
  2 big kobolds (D:4)
  3 scorpions
  A wight (D:5)
  The ghost of emiel the Chopper, a weakling HOGl of Trog (D:4)
  2 hounds
  A crimson imp (D:6)
  3 giant frog skeletons
  4 jellies
  8 orc wizards
  2 human zombies (Ossuary)
  2 iguanas (D:4)
  3 orc priests (D:7)
  3 worker ants
  A big kobold zombie (Ossuary)
  A hound skeleton (D:4)
  2 mummies (Ossuary)
  A worker ant zombie (D:8)
  13 gnolls
  7 adders
  2 shadow imps
  An ooze (D:1)
  An adder skeleton (D:5)
  2 adder zombies
  A worm (D:3)
  A giant gecko (D:2)
  29 orcs
  2 ball pythons
  12 bats
  2 giant cockroaches
  29 hobgoblins
  19 jackals
  2 giant newts (D:3)
  31 goblins
  9 hobgoblin zombies (Ossuary)
  2 jackal zombies (Ossuary)
  7 kobolds
  11 kobold zombies (Ossuary)
  7 orc zombies (Ossuary)
  9 quokkas
  4 rats
  2 rat zombies (Ossuary)
262 creatures vanquished.

Vanquished Creatures (others)
  A goblin (D:4)
  A fungus (D:8)
2 creatures vanquished.

Grand Total: 264 creatures vanquished

Notes
Turn   | Place    | Note
--------------------------------------------------------------
     0 | D:1      | Kokonut the Minotaur Berserker began the quest for the Orb.
     0 | D:1      | Reached XP level 1. HP: 19/19 MP: 0/0
   105 | D:1      | Reached skill level 4 in Maces & Flails
   160 | D:1      | Reached XP level 2. HP: 26/26 MP: 1/1
   660 | D:1      | Reached ** piety under Trog
   662 | D:1      | Reached skill level 5 in Maces & Flails
   701 | D:2      | Reached XP level 3. HP: 16/31 MP: 2/2
  1475 | D:4      | Found a sand-covered staircase.
  1483 | Ossuary  | Entered an ossuary
  1740 | Ossuary  | Reached skill level 6 in Maces & Flails
  1740 | Ossuary  | Reached XP level 4. HP: 39/39 MP: 3/3
  1758 | Ossuary  | Reached skill level 7 in Maces & Flails
  1758 | Ossuary  | Reached XP level 5. HP: 28/45 MP: 4/4
  1975 | Ossuary  | Reached skill level 8 in Maces & Flails
  1989 | Ossuary  | Reached XP level 6. HP: 27/52 MP: 5/5
  2218 | D:3      | Found an iron altar of Okawaru.
  2287 | D:3      | Found a faded altar to an unknown god.
  2462 | D:3      | Noticed a scorpion
  2474 | D:3      | Killed a scorpion
  2769 | D:5      | Entered Level 5 of the Dungeon
  2970 | D:4      | Reached XP level 7. HP: 15/60 MP: 6/6
  2982 | D:4      | HP: 3/60 [goblin/stone (5)]
  3305 | D:4      | Reached *** piety under Trog
  3329 | D:4      | Noticed a scorpion
  3333 | D:4      | Killed a scorpion
  3513 | D:4      | Noticed emiel's ghost (weakling HOGl)
  3522 | D:4      | Killed emiel's ghost
  3817 | D:4      | Reached skill level 5 in Fighting
  3817 | D:4      | Reached skill level 5 in Dodging
  3931 | D:4      | Noticed a big kobold
  3932 | D:4      | Noticed a big kobold
  3938 | D:4      | Killed a big kobold
  3938 | D:4      | Reached skill level 9 in Maces & Flails
  3947 | D:4      | Killed a big kobold
  3947 | D:4      | Reached XP level 8. HP: 42/69 MP: 7/7
  3948 | D:4      | Reached **** piety under Trog
  6214 | D:6      | Reached skill level 10 in Maces & Flails
  6215 | D:6      | Reached XP level 9. HP: 79/79 MP: 8/8
  6442 | D:6      | Found a staircase to the Ecumenical Temple.
  6478 | Temple   | Entered the Ecumenical Temple
  6700 | D:8      | Found a staircase to the Lair.
  7062 | D:7      | Noticed Joseph
  7078 | D:7      | Killed Joseph
  8271 | Lair:1   | Entered Level 1 of the Lair of Beasts
  8271 | Lair:1   | Noticed a komodo dragon
  8280 | Lair:1   | HP: 3/81 [komodo dragon (29)]
  8281 | Lair:1   | HP: 1/81 [poisoned by a water moccasin]
  8282 | Lair:1   | Mangled by a water moccasin

Action                   |  1- 3 |  4- 6 |  7- 9 || total
-------------------------+-------+-------+-------++-------
Melee: Mace              |   124 |    97 |       ||   221
       Flail             |       |    42 |   353 ||   395
Invok: Berserk           |     1 |     1 |     7 ||     9
       Trog's Hand       |       |     2 |     4 ||     6
 Stab: Sleeping          |       |       |     2 ||     2
  Eat: Chunk             |     1 |     1 |    25 ||    27
       Pizza             |     1 |       |       ||     1
       Bread ration      |       |     1 |       ||     1
       Fruit             |       |       |     1 ||     1
